 Dungeon Crawl Stone Soup version 0.30.1-4-g462c640d31 (webtiles) character file.

Game seed: 11873536771182862497

45 Daz the Grave Robber (level 3, -1/25 HPs)
             Began as a Human Necromancer on Sept 18, 2023.
             Killed from afar by Sigmund (4 damage)
             ... with a magic dart
             ... on level 3 of the Dungeon.
             The game lasted 00:19:35 (1751 turns).

Daz the Grave Robber (Human Necromancer)            Turns: 1751, Time: 00:19:36

Health: -1/25      AC:  3    Str:  8    XL:     3   Next: 90%
Magic:  6/6        EV: 12    Int: 17    God:
Gold:   115        SH:  0    Dex: 13    Spells: 6/7 levels left

rFire   . . .        c - +0 hand axe
rCold   . . .        (no shield)
rNeg    . . .        a - +0 robe
rPois   .            (no helmet)
rElec   .            (no cloak)
rCorr   .            p - +0 pair of gloves
SInv    .            (no boots)
Will    .....        (no amulet)
Stlth   ++           (no ring)
HPRegen 0.24/turn    (no ring)
MPRegen 0.10/turn

%: no passive effects
@: no status effects
A: no striking features
a: no special abilities


You were on level 3 of the Dungeon.
You visited 1 branch of the dungeon, and saw 3 of its levels.

You collected 115 gold pieces.

Inventory:

Hand Weapons
 c - a +0 hand axe (weapon)
 f - a +0 club
 j - a +0 short sword
 m - a +0 short sword
 n - a +2 vampiric dagger
 r - a +0 spear of freezing
 u - a +0 sling
 v - a +0 dagger
 w - a +0 club
 x - a +0 dagger
 y - a +0 spear
Missiles
 e - 16 stones
 h - 4 boomerangs
Armour
 a - a +0 robe (worn)
 b - a +0 chain mail
 l - a +0 ring mail
 p - a +0 pair of gloves (worn)
 A - a +0 ring mail
Wands
 B - a wand of paralysis (7)
Scrolls
 d - 2 scrolls of fear {unknown}
 k - a scroll of identify {unknown}
 o - a scroll of enchant armour {unknown}
 s - a scroll of noise {unknown}
 z - a scroll of magic mapping {unknown}
Potions
 g - a potion of resistance {unknown}
 i - a potion of lignification {unknown}
 q - 2 potions of invisibility {unknown}
 t - a potion of attraction {unknown}


   Skills:
 + Level 0.7 Fighting
 + Level 0.4 Axes
 + Level 2.0 Dodging
 + Level 2.0 Stealth
 + Level 2.5 Spellcasting
 + Level 4.7 Necromancy


You had 6 spell levels left.
You knew the following spells:

 Your Spells              Type           Power      Damage    Failure   Level
a - Necrotise             Necr           72%        1d7       2%          1

Your spell library contained the following spells:

 Spells                   Type           Power      Damage    Failure   Level
 Vampiric Draining        Necr           18%        2d7       8%          3
 Animate Dead             Necr           18%        N/A       26%         4
 Agony                    Necr           18%        N/A       58%         5


Dungeon Overview and Level Annotations

Branches:
Dungeon (3/15)

Altars:

Annotations:
D:3 Sigmund


Message History

The ball python constricts you.
Sigmund hits you from afar with a +0 scythe.
You hit the ball python.
You kill the ball python!
Sigmund hits you from afar with a +0 scythe.
Aiming: Necrotise (safe; 2% risk of failure)
Press: ? - help, Q - select action, (/) - cycle Shift-Dir - straight line, f - Sigmund
Aim: Sigmund, wielding a +0 scythe and wearing a +0 robe (chance to affect: 83%) Sigmund barely resists.
Aiming: Necrotise (safe; 2% risk of failure)
Press: ? - help, Q - select action, (/) - cycle Shift-Dir - straight line, f/p - Sigmund
Aim: Sigmund, wielding a +0 scythe and wearing a +0 robe (chance to affect: 83%) Sigmund barely resists.
Sigmund hits you from afar with a +0 scythe!
A rat comes into view.
Aiming: Necrotise (safe; 2% risk of failure)
Press: ? - help, Q - select action, (/) - cycle Shift-Dir - straight line, f/p - Sigmund
Aim: Sigmund, wielding a +0 scythe and wearing a +0 robe (chance to affect: 83%) Sigmund writhes in agony.
Sigmund smiles chillingly.
Sigmund hits you but does no damage.
Aiming: Necrotise (safe; 2% risk of failure)
Press: ? - help, Q - select action, (/) - cycle Shift-Dir - straight line, f/p - Sigmund
Aim: Sigmund, wielding a +0 scythe and wearing a +0 robe (lightly wounded, chance to affect: 83%) Sigmund writhes in agony!
Sigmund casts a spell at you. The magic dart hits you!
* * * LOW HITPOINT WARNING * * *
Sigmund mumbles some strange words.
Sigmund flickers and vanishes!
Deactivating autopickup; reactivate with Ctrl-A.
The rat twitches its whiskers.
Something tries to affect you, but you resist.
You see here a hobgoblin corpse.
A puff of flame appears from out of thin air!
The puff of flame hits you!
* * * LOW HITPOINT WARNING * * *
A magic dart appears from out of thin air!
The magic dart hits you.
You die...

##################
...........r...r.#
.###############{#
.#.............#.#
.#.##########.##.#
{#.#<# #.##.#
r#.#.# #.##.#
.#.#.# #.##@#
.#.#.# #.##†#
.#.#.# #.##.#
.#.#.# #.##.#
.#.#.# #.##.#
.#.#.# #.##.#
.#.#.########.##.#
.#.#....†......#.#
.#.#############.#


You could see a rat.

Vanquished Creatures
  A dart slug (D:3)
  3 ball pythons
  7 endoplasms (D:1)
  3 giant cockroaches
  2 goblins (D:2)
  4 hobgoblins
  3 quokkas
  4 bats (D:1)
  4 frilled lizards
  3 kobolds
  3 rats
37 creatures vanquished.

Vanquished Creatures (collateral kills)
  A goblin (D:2)
1 creature vanquished.

Grand Total: 38 creatures vanquished

Notes
Turn   | Place    | Note
-------+----------+-------------------------------------------
     0 | D:1      | Daz the Human Necromancer began the quest for the Orb.
     0 | D:1      | Reached XP level 1. HP: 13/13 MP: 3/3
   215 | D:1      | Reached XP level 2. HP: 14/19 MP: 1/5
   494 | D:1      | Found a faded altar of an unknown god.
   842 | D:1      | Reached XP level 3. HP: 24/24 MP: 3/6
  1704 | D:3      | Noticed Sigmund
  1745 | D:3      | HP: 1/25 [something/puff of flame (9)]
  1751 | D:3      | Killed from afar by Sigmund

Illustrated notes

Levels and vault maps discovered:
D:1:      psy_arrival_wood_between_worlds, layout_loops_corners,
          hellmonk_ecumenical_altar_run_dry, minmay_tromino_i2
D:2:      layout_loops_cross, minmay_goblin_outpost, uniq_crazy_yiuf_cottage
D:3:      layout_basic, uniq_robin, uniq_sigmund

Action                     || total
---------------------------++-------
  Melee: Unarmed           ||    21
         Punch             ||     1
         Hand axe          ||    28
         Spear             ||    24
   Cast: Necrotise         ||    48
    Use: Potion            ||     1
   Stab: Sleeping          ||     1
 Armour: Robe              ||    25
  Dodge: Dodged            ||    52
